 Dungeon Sprint DCSS version 0.27.1 (webtiles) character file.

Game seed: 10101736980941292091

0 MacCMillion the Ruffian (level 5, 33/57 HPs)
             Began as a Troll Monk on Aug 28, 2021.
             Quit the game in the Dungeon (Sprint VI: "Thunderdome").
             The game lasted 00:00:22 (22 turns).

MacCMillion the Ruffian (Troll Monk)                  Turns: 22, Time: 00:00:23

Health: 33/57      AC:  4    Str: 20    XL:     5   Next: 16%
Magic:  4/4        EV: 11    Int:  6    God:
Gold:   200        SH:  0    Dex: 12    Spells: 4/4 levels left

rFire    . . .     SeeInvis .     - Unarmed
rCold    . . .     Faith    .   (no shield)
rNeg     . . .     Spirit   .   a - +0 robe
rPois    .         Reflect  .   (helmet restricted)
rElec    .         Harm     .   (no cloak)
rCorr    .         Rampage  .   (gloves unavailable)
Will     .....     NoTele   +   (boots unavailable)
Stlth    ++........             (no amulet)
HPRegen  1.19/turn              (no ring)
MPRegen  0.09/turn              (no ring)

@: no status effects
A: large, unfitting armour, claws 3, regeneration 1, shaggy fur 1, tough skin 1
a: no special abilities


You were in the Dungeon.
You visited 1 branch You collected 200 gold pieces.

Inventory:

Armour
 a - a +0 robe (worn)
Wands
 i - a wand of acid (5)
 j - a wand of iceblast (5)
Scrolls
 g - 4 scrolls of blinking
 k - 3 scrolls of fog
Potions
 b - a potion of curing
 c - 4 potions of heal wounds
 d - 4 potions of haste
 e - 2 potions of magic
 f - a potion of berserk rage
 h - a potion of resistance


   Skills:
 + Level 5.3 Fighting
 + Level 5.5 Dodging
 + Level 1.6 Stealth
 + Level 6.7 Unarmed Combat


You had 4 spell levels left.
You didn't know any spells.
Your spell library was empty.

Dungeon Overview and Level Annotations

Branches:
Dungeon (1/1)

Altars:
Dithmenos
Okawaru
Ru
Uskayaw
Vehumet
Xom
Yredelemnul
Zin
Lugonu

Shops:
D ??:(


Innate Abilities, Weirdness & Mutations

You are too large for most types of armour.
You have claws for hands.
Your natural rate of healing is unusually fast.
You are covered in fur. (AC +1)
You have tough skin. (AC +1)


Message History

Sigmund hits you with a +0 scythe!
Ouch! That really hurt!
You are too injured to fight recklessly!
You are too injured to fight recklessly!
You scratch Sigmund.
Sigmund is lightly wounded.
You barely miss Sigmund.
Sigmund is lightly wounded.
Sigmund misses you.
You completely miss Sigmund.
Sigmund is lightly wounded.
Sigmund barely misses you.
You claw Sigmund!
Sigmund is heavily wounded.
You closely miss Sigmund.
Sigmund is heavily wounded.
Sigmund mumbles some strange words.
Sigmund flickers and vanishes!
Deactivating autopickup; reactivate with Ctrl-A.
You claw something! Something hits you.
You scratch something. You closely miss something.
You hear some strange, mumbled words.
A magic dart appears from out of thin air!
The magic dart hits you.
You barely miss something. Something completely misses you.
You claw something!
Reactivating autopickup.
You feel a bit more experienced.
Your Fighting skill gained 3 levels and is now at level 5!
Your Dodging skill gained 3 levels and is now at level 5!
Your Unarmed Combat skill gained 3 levels and is now at level 6!
You have reached level 2!
You have reached level 3!
Your experience leads to an increase in your attributes!
Increase (S)trength, (I)ntelligence, or (D)exterity?
You feel stronger. x2
You have reached level 4!
You have reached level 5!
Are you sure you want to abandon this character and quit the game? (Confirm with "yes".)

##### ##⌠⌠⌠##
#.....# ##.....##
##∩..)..∩##
#∩....@..∩#
#_......._#
#_......._#
#_......._#
###.........###
#⌠...........⌠#
#.8.........8.###
......###......___
...8. #.8........


There were no monsters in sight!

Vanquished Creatures
  Sigmund (D)
1 creature vanquished.

Notes
Turn   | Place    | Note
-------+----------+-------------------------------------------
     0 | D        | MacCMillion the Troll Monk began the quest for the Orb.
     0 | D        | Reached XP level 1. HP: 22/22 MP: 0/0
     1 | D        | Found a sacrificial altar of Ru.
     1 | D        | Found a radiant altar of Vehumet.
     2 | D        | Found a shadowy altar of Dithmenos.
     2 | D        | Found a shimmering altar of Xom.
     3 | D        | Found a corrupted altar of Lugonu.
     3 | D        | Found a hide-covered altar of Uskayaw.
     4 | D        | Found a glowing silver altar of Zin.
     4 | D        | Found a basalt altar of Yredelemnul.
     4 | D        | Found Jeulihe's Staff Store.
     4 | D        | Found Hake Maa's Magic Scroll Shop.
     5 | D        | Found an iron altar of Okawaru.
     5 | D        | Found Qobud's Must-Have Magic.
     5 | D        | Found Bannyes's Magic Scroll Shop.
     5 | D        | Round 1.
     8 | D        | Noticed Sigmund
    21 | D        | Killed Sigmund
    22 | D        | Reached skill level 5 in Fighting
    22 | D        | Reached skill level 5 in Dodging
    22 | D        | Reached skill level 6 in Unarmed Combat
    22 | D        | Reached XP level 2. HP: 20/35 MP: 1/1
    22 | D        | Reached XP level 3. HP: 24/42 MP: 2/2
    22 | D        | Reached XP level 4. HP: 29/50 MP: 3/3
    22 | D        | Reached XP level 5. HP: 33/57 MP: 4/4
    22 | D        | Quit the game

Illustrated notes

Levels and vault maps discovered:
D:        arena_sprint

Skill      XL: |  1 |
---------------+----+-----
Fighting       | 5 |  5.3
Dodging        | 5 |  5.5
Unarmed Combat | 6 |  6.7
Stealth        | |  1.6

Action                   |  1- 3 |  4- 6 || total
-------------------------+-------+-------++-------
Melee: Unarmed           |    10 |       ||    10
Dodge: Dodged            |     3 |       ||     3
